 Dungeon Crawl Stone Soup version 0.28.0-45-g0d030f2227 (webtiles) character file.

Game seed: 3965510526315465385

252 MisterFreud the Slasher (level 5, -1/43 HPs)
             Began as a Palentonga Fighter on Apr 23, 2022.
             Slain by a kobold brigand
             ... wielding a +0 club
              (6 damage)
             ... in a sewer.
             The game lasted 00:02:55 (3202 turns).

MisterFreud the Slasher (Palentonga Fighter)        Turns: 3202, Time: 00:02:56

Health: -1/43      AC:  6    Str: 20    XL:     5   Next: 89%
Magic:  5/5        EV:  7    Int:  8    God:
Gold:   115        SH:  0    Dex: 11    Spells: 4/4 levels left

rFire   . . .      SeeInvis +   a - +0 long sword
rCold   . . .      Faith    .   m - orb {light}
rNeg    . . .      Spirit   .   b - +0 scale mail
rPois   .          Reflect  .   (no helmet)
rElec   .          Harm     .   (no cloak)
rCorr   .          Rampage  .   (no gloves)
Will    .....                   (no barding)
Stlth   ..........              (no amulet)
HPRegen 0.14/turn               (no ring)
MPRegen 0.09/turn               (no ring)

@: lethally poisoned (-1 -> -19), slowed, glowing, very slow
A: large, rugged brown scales 3, see invisible, deformed body, roll 1, armoured
tail
a: Rolling Charge


You were in a sewer.
You visited 1 branch of the dungeon, and saw 4 of its levels.
You also visited: Sewer.

You collected 115 gold pieces.

Inventory:

Hand Weapons
 a - a +0 long sword (weapon)
Armour
 b - a +0 scale mail (worn)
 c - a +0 buckler
 m - an orb of light (worn)
Scrolls
 g - a scroll of identify {unknown}
 h - a scroll of vulnerability {unknown}
 i - a scroll of noise {unknown}
 k - a scroll of acquirement {unknown}
 o - a scroll of brand weapon {unknown}
Potions
 d - a potion of might
 j - a potion of invisibility
 n - a potion of attraction {unknown}


   Skills:
 - Level 3.0 Fighting
 + Level 6.2 Long Blades
 - Level 2.4 Armour
 - Level 2.4 Shields


You had 4 spell levels left.
You didn't know any spells.
Your spell library contained the following spells:

 Spells                   Type           Power      Damage    Failure   Level
 Blink                    Tloc           0%         N/A       88%         2
 Frozen Ramparts          Ice            0%         1d2       98%         3
 Ice Form                 Ice/Tmut       0%         N/A       100%        4
 Summon Ice Beast         Ice/Summ       0%         N/A       100%        4
 Manifold Assault         Tloc           0%         N/A       100%        5
 Storm Form               Tmut/Air       0%         N/A       100%        7


Dungeon Overview and Level Annotations

Branches:
Dungeon (4/15)              Sewer (1/1)
 Temple: D:4-7

Altars:
Elyvilon
Zin


Innate Abilities, Weirdness & Mutations

You are completely covered in rugged brown scales. (AC +3, +7% HP)
You have supernaturally acute eyesight. (SInv)
Armour fits poorly on your strangely shaped body.
You can roll at nearby foes to attack.
You have a long armoured tail.


Message History

You are no longer poisoned.
The kobold brigand throws a curare-tipped dart.
The curare-tipped dart hits you.
You are poisoned.
You have difficulty breathing.
You feel as though you will be slow longer.
You enter the shallow water.
Moving in this stuff is going to be slow.
You feel extremely sick. The kobold brigand closely misses you.
You feel very sick.
The kobold hits you with a +1 dagger of venom.
You are lethally poisoned!
The kobold brigand completely misses you.
The kobold hits you but does no damage.
You are more poisoned.
The kobold brigand hits you but does no damage.
Unknown command.
It was a potion of heal wounds.
You feel much better.
You feel extremely sick.
The kobold hits you with a +1 dagger of venom.
You are more poisoned.
The kobold brigand hits you with a +0 club.
You hit the kobold brigand but do no damage.
You tail-slap the kobold brigand, but do no damage.
You feel extremely sick. The kobold hits you but does no damage.
You are lethally poisoned!
The kobold brigand hits you but does no damage.
The kobold barely misses you.
The kobold brigand hits you with a +0 club.
You hit the kobold brigand but do no damage.
Your tail-slap misses the kobold brigand.
* * * LOW HITPOINT WARNING * * *
You feel extremely sick. The kobold completely misses you.
The kobold brigand hits you but does no damage.
The kobold hits you but does no damage.
The kobold brigand hits you with a +0 club.
You die...

#.≈≈..##### !. ##≈..##
≈≈ ##≈## #≈# #÷# #≈# #≈#
#≈# ##≈## ##≈## ##...##
##≈..##
#.....#####≈.≈.≈#####.?.
#...≈.≈†≈≈≈.≈.≈K@K..≈!..
#≈..≈.#####.≈...#####...
##≈..## ##≈≈≈## #####
#####


You could see a kobold brigand and a kobold.

Vanquished Creatures
  A hound (D:3)
  3 orc wizards (D:4)
  5 adders
  2 river rats
  A dart slug (D:3)
  11 orcs
  6 endoplasms
  3 giant cockroaches
  3 goblins
  4 hobgoblins
  7 quokkas
  8 ball pythons
  4 bats
  A frilled lizard (D:1)
  7 kobolds
  11 rats
77 creatures vanquished.

Notes
Turn   | Place    | Note
-------+----------+-------------------------------------------
     0 | D:1      | MisterFreud the Palentonga Fighter began the quest for the
                  | Orb.
     0 | D:1      | Reached XP level 1. HP: 19/19 MP: 1/1
   157 | D:1      | Reached XP level 2. HP: 25/25 MP: 2/2
   604 | D:2      | Found a white marble altar of Elyvilon.
   638 | D:2      | Reached skill level 3 in Long Blades
   986 | D:2      | Found a faded altar of an unknown god.
  1340 | D:3      | Reached XP level 3. HP: 27/31 MP: 3/3
  1386 | D:3      | Found a glowing silver altar of Zin.
  1566 | D:3      | Reached skill level 4 in Long Blades
  1617 | D:3      | Reached XP level 4. HP: 22/37 MP: 4/4
  2145 | D:3      | Reached skill level 5 in Long Blades
  2325 | D:4      | Reached XP level 5. HP: 32/43 MP: 5/5
  2754 | D:4      | Found a glowing drain.
  2759 | Sewer    | Entered a sewer
  2911 | Sewer    | Reached skill level 6 in Long Blades
  3202 | Sewer    | Slain by a kobold brigand

Illustrated notes

Levels and vault maps discovered:
D:1:      amcnicky_arrival_single_pillar, layout_basic
D:2:      layout_loops_ring, basic_ecumenical_altar, basic_altar
D:3:      layout_basic, zin_academy
D:4:      layout_loops_cross, portal_sewer_entry_e
Sewer:    sewer_co_15_rooms

Skill      XL: |  1  2  3  4  5 |
---------------+----------------+-----
Long Blades    | 3 4 5 6 |  6.2
Fighting       | |  3.0
Armour         | |  2.4
Shields        | |  2.4

Action                   |  1- 3 |  4- 6 || total
-------------------------+-------+-------++-------
Melee: Long sword        |   100 |    83 ||   183
       Tailslap          |    13 |    15 ||    28
 Abil: Rolling Charge    |    22 |     3 ||    25
  Use: Potion            |       |     4 ||     4
Armor: Scale mail        |    43 |    59 ||   102
Dodge: Dodged            |    36 |    34 ||    70
Block: Buckler           |    14 |     4 ||    18
